 Dungeon Crawl Stone Soup version 0.30-a0-859-gf88a04b62d (webtiles) character file.

Game seed: 83630081391566728

18400 Bnni the Brawler (level 12, -2/126 HPs)
             Began as a Troll Monk on Mar 6, 2023.
             Slain by a cane toad (8 damage)
             ... on level 1 of the Lair of Beasts.
             The game lasted 00:24:47 (10091 turns).

Bnni the Brawler (Troll Monk)                      Turns: 10091, Time: 00:24:49

Health: -2/126     AC:  8    Str: 26    XL:     12   Next: 27%
Magic:  20/20      EV:  7    Int:  6    God:
Gold:   888        SH: 14    Dex: 12    Spells: 11/11 levels left

rFire   + . .      SeeInvis .      - Unarmed
rCold   + + .      Faith    .    d - +2 tower shield {rN+}
rNeg    + + .      Spirit   .    W - +1 robe {rC+ rF+}
rPois   .          Reflect  .    y - +2 hat
rElec   .          Rampage  .    V - +0 cloak {rC+}
rCorr   .                        (gloves unavailable)
Will    .....                    (boots unavailable)
Stlth   ++                       e - amulet of regeneration
HPRegen 2.01/turn                H - ring of positive energy
MPRegen 0.17/turn                f - ring of magical power

@: lethally poisoned (-2 -> -15)
A: large, unfitting armour, claws 3, regeneration 1, shaggy fur 1, tough skin 1
a: no special abilities


You were on level 1 of the Lair of Beasts.
You visited 3 branches of the dungeon, and saw 14 of its levels.
You visited 1 bazaar.
You also visited: Ice Cave.

You collected 1142 gold pieces.
You spent 254 gold pieces at shops.

Inventory:

Missiles
 u - 14 large rocks (quivered)
 w - 30 poisoned darts
 N - a boomerang of dispersal
Armour
 d - a +2 tower shield of positive energy (worn)
 h - +0 acid dragon scales
 y - a +2 hat (worn)
 G - a +0 cloak of poison resistance
 V - a +0 cloak of cold resistance (worn)
 W - a +1 robe of resistance (worn)
Jewellery
 e - an amulet of regeneration (around neck)
 f - a ring of magical power (right claw)
 H - a ring of positive energy (left claw)
 I - a ring of fire
 U - the amulet of the Slug {Reflect Harm rN+ Str+5 Int-3 SH+5}
   (You found it in an ice cave)

   [amulet of reflection]

   It reflects blocked missile attacks.
   Str:       It affects your strength (+5).
   Int:       It affects your intelligence (-3).
   rN:        It protects you from negative energy.
   SH:        It affects your SH (+5).
   Harm:      It increases damage dealt and taken.
Wands
 q - a wand of light (11)
 x - a wand of flame (22)
 B - a wand of charming (21)
 E - a wand of polymorph (21)
 M - a wand of mindburst (4)
 O - a wand of digging (15)
Scrolls
 a - 3 scrolls of enchant armour {unknown}
 g - a scroll of amnesia
 i - 4 scrolls of magic mapping {unknown}
 o - a scroll of vulnerability {unknown}
 p - 3 scrolls of blinking {unknown}
 r - a scroll of immolation
 v - a scroll of torment {unknown}
 A - a scroll of fear
 C - 6 scrolls of teleportation {unknown}
 P - a scroll of enchant weapon {unknown}
 Q - a scroll of fog
 S - a scroll of poison {unknown}
Potions
 b - 4 potions of ambrosia
 c - 2 potions of heal wounds
 j - 7 potions of curing
 k - 4 potions of brilliance {unknown}
 l - a potion of magic
 m - 5 potions of invisibility
 n - a potion of degeneration {unknown}
 s - 3 potions of might {unknown}
 t - 2 potions of cancellation {unknown}
 z - 2 potions of haste {unknown}
 D - 6 potions of attraction
 K - 2 potions of lignification {unknown}
 R - a potion of mutation {unknown}
 T - a potion of flight {unknown}
Miscellaneous
 J - a phial of floods
 L - a phantom mirror


   Skills:
 + Level 9.9 Fighting
 + Level 4.3 Throwing
 - Level 2.4 Dodging
 - Level 1.0 Stealth
 + Level 3.4 Shields
 * Level 15.9 Unarmed Combat


You had 11 spell levels left.
You didn't know any spells.
Your spell library contained the following spells:

 Spells                   Type           Power      Damage    Failure   Level
 Kiss of Death            Conj/Necr      0%         2d5       98%         1
 Sandblast                Erth           0%         2d4       98%         1
 Blink                    Tloc           0%         N/A       99%         2
 Ensorcelled Hibernation  Hex/Ice        0%         N/A       99%         2
 Passwall                 Tmut/Erth      0%         N/A       99%         2
 Sublimation of Blood     Necr           0%         N/A       99%         2
 Confusing Touch          Hex            0%         N/A       100%        3
 Gell's Gravitas          Tloc           0%         N/A       100%        3
 Kindle Blastsparks       Fire/Tloc/Air  0%         2d10      100%        3
 Stone Arrow              Conj/Erth      0%         3d7       100%        3
 Swiftness                Air            0%         N/A       100%        3
 Teleport Other           Tloc           0%         N/A       100%        3
 Dispel Undead            Necr           0%         3d6       100%        4
 Fulminant Prism          Conj/Hex       0%         3d5       100%        4
 Iskenderun's Mystic Bla  Conj/Tloc      0%         2d3       100%        4
 Manifold Assault         Tloc           0%         N/A       100%        4
 Iskenderun's Battlesphe  Conj           0%         2d6       100%        5
 Lee's Rapid Deconstruct  Erth           0%         3d4*      100%        5
 Dispersal                Tloc           0%         N/A       100%        6
 Iron Shot                Conj/Erth      0%         9d1       100%        6
 Spellforged Servitor     Conj/Summ      0%         N/A       100%        7
 Storm Form               Tmut/Air       0%         N/A       100%        7


Dungeon Overview and Level Annotations

Branches:
Dungeon (12/15)            Temple (1/1) D:4            Lair (1/5) D:8
    Orc (0/2) D:10          IceCv (visited)

Altars:
Ashenzari
Cheibriados
Dithmenos
Elyvilon
Fedhas
Gozag
Hepliaklqana
Kikubaaqudgha
Makhleb
Nemelex Xobeh
Okawaru
Qazlal
Ru
Sif Muna
Trog
Uskayaw
Vehumet
Wu Jian
Xom
Yredelemnul
Zin
The Shining One

Shops:
D:2 ?   D:9 (   D:12 (


Innate Abilities, Weirdness & Mutations

You are too large for most types of armour.
You have claws for hands.
Your natural rate of healing is unusually fast.
You are covered in fur. (AC +1)
You have tough skin. (AC +1)


Message History

You feel very sick. You block the black mamba's attack.
The water moccasin bites you but does no damage.
The cane toad stings you!! The water moccasin bites you.
You barely miss the black mamba.
The black mamba is almost dead.
You feel very sick.
The black mamba bites you but does no damage.
You block the water moccasin's attack.
The black mamba bites you but does no damage.
You block the cane toad's attack. The water moccasin bites you.
You barely miss the black mamba.
The black mamba is severely wounded.
You feel very sick. You block the black mamba's attack.
The water moccasin bites you but does no damage.
The water moccasin barely misses you. You block the cane toad's attack.
The black mamba bites you. The water moccasin bites you.
* * * LOW HITPOINT WARNING * * *
You are more poisoned.
The water moccasin poisons you!
You barely miss the black mamba.
The black mamba is severely wounded.
You feel very sick.
The water moccasin bites you but does no damage.
The black mamba bites you.
* * * LOW HITPOINT WARNING * * *
You are more poisoned.
The black mamba poisons you! The cane toad stings you!
* * * LOW HITPOINT WARNING * * *
The water moccasin barely misses you. You block the black mamba's attack.
You block the water moccasin's attack.
You mangle the black mamba!!
You kill the black mamba!
* * * LOW HITPOINT WARNING * * *
You feel extremely sick. The water moccasin bites you.
* * * LOW HITPOINT WARNING * * *
The cane toad stings you!
You die...

....... ....(..
....... ..#
....... ..#
.....(. ..#
....... ..#
....(..##..## .
.......@#..P#...
......FSS.....##
........<......#
....>...........
...(............
.......###.##...
(...... .# ..
.....>. .# .
....... #


You could see a cane toad and 2 water moccasins.

Vanquished Creatures
  2 two-headed ogres
  Sonja (Lair:1)
  2 bog bodies (IceCv)
  A deep elf pyromancer (D:12)
  2 cyclopes
  2 manticores (D:12)
  A black mamba (Lair:1)
  An ice statue (IceCv)
  4 gargoyles
  The ghost of Heedrag the Conjurer, a novice DsCj of Gozag (D:7)
  3 unseen horrors
  An anaconda simulacrum (IceCv)
  2 trolls
  A hornet (D:9)
  A shadow (D:11)
  19 yaks
  A wyvern (D:8)
  A wraith (D:12)
  A dire elephant simulacrum (IceCv)
  A steam dragon (D:7)
  Grum (D:11)
  2 basilisks
  A death yak simulacrum (IceCv)
  2 harpy simulacra (IceCv)
  4 water moccasins (D:8)
  A hydra simulacrum (IceCv)
  2 acid dragons
  6 orc warriors
  2 black bears
  2 ogres
  6 centaurs
  4 wolves (D:11)
  2 phantoms
  3 kobold brigands
  10 two-headed ogre simulacra (IceCv)
  3 cane toad simulacra (IceCv)
  2 scorpions
  4 wights (D:8)
  2 elephant simulacra (IceCv)
  11 killer bees (D:9)
  4 howler monkeys
  A gnoll bouda (D:9)
  4 hounds
  5 orc priests
  5 iguanas
  11 orc wizards
  9 spriggan simulacra (IceCv)
  2 polar bear simulacra (IceCv)
  5 troll simulacra (IceCv)
  2 wolf simulacra (IceCv)
  4 gnolls (D:9)
  5 adders
  7 naga simulacra (IceCv)
  2 shadow imps
  18 white imps
  5 ufetubi
  A worm (D:2)
  3 dart slugs
  65 orcs
  11 endoplasms
  2 giant cockroaches (D:2)
  14 goblins
  7 hobgoblins
  9 jackals
  15 kobolds
  3 quokkas
  7 ball pythons
  9 bats
  3 frilled lizards
  7 rats
363 creatures vanquished.

Vanquished Creatures (others)
  2 fungi (D:8)
  7 plants (D:8)
9 creatures vanquished.

Grand Total: 372 creatures vanquished

Notes
Turn   | Place    | Note
-------+----------+-------------------------------------------
     0 | D:1      | Bnni the Troll Monk began the quest for the Orb.
     0 | D:1      | Reached XP level 1. HP: 22/22 MP: 0/0
    82 | D:1      | Reached XP level 2. HP: 29/29 MP: 1/1
   393 | D:1      | Reached XP level 3. HP: 35/36 MP: 2/2
   760 | D:2      | Reached skill level 4 in Unarmed Combat
   845 | D:2      | Reached XP level 4. HP: 45/45 MP: 3/3
  1019 | D:2      | Found a snail-covered altar of Cheibriados.
  1279 | D:2      | Found The Oracle's Delphic Readings.
  1412 | D:3      | Noticed a black bear
  1424 | D:3      | Killed a black bear
  1425 | D:3      | Reached skill level 5 in Unarmed Combat
  1425 | D:3      | Reached XP level 5. HP: 25/53 MP: 4/4
  1560 | D:3      | Found a faded altar of an unknown god.
  1718 | D:3      | Noticed a phantom
  1727 | D:3      | Killed a phantom
  1728 | D:3      | Reached XP level 6. HP: 62/62 MP: 5/5
  2007 | D:3      | Found a shimmering altar of Xom.
  2012 | D:3      | Found a basalt altar of Yredelemnul.
  2012 | D:3      | Found a glowing silver altar of Zin.
  2014 | D:3      | Found a white marble altar of Elyvilon.
  2342 | D:4      | Identified the +1 leather armour "Gihaedupt" {rF+ Will+
                  | Stlth-}
  2388 | D:4      | Reached skill level 6 in Unarmed Combat
  2664 | D:4      | Reached skill level 7 in Unarmed Combat
  2664 | D:4      | Reached XP level 7. HP: 71/71 MP: 6/6
  2685 | D:4      | Found a staircase to the Ecumenical Temple.
  2702 | Temple   | Entered the Ecumenical Temple
  3458 | D:5      | Entered Level 5 of the Dungeon
  3890 | D:6      | Reached skill level 8 in Unarmed Combat
  3893 | D:6      | Reached skill level 5 in Fighting
  4010 | D:6      | Reached XP level 8. HP: 68/80 MP: 7/7
  4517 | D:7      | Noticed a cyclops
  4524 | D:7      | Killed a cyclops
  4525 | D:7      | Reached skill level 9 in Unarmed Combat
  4894 | D:7      | Reached skill level 10 in Unarmed Combat
  4948 | D:7      | Found a runed translucent gate.
  4948 | D:7      | Found a runed translucent gate.
  4949 | D:7      | Found a runed translucent gate.
  4953 | D:7      | Identified the +1 plate armour of Ru's Supremacy {+Inv
                  | rPois Str+5 SInv}
  4954 | D:7      | Noticed Heedrag's ghost (novice DsCj)
  4979 | D:7      | Reached XP level 9. HP: 80/89 MP: 8/8
  5014 | D:7      | Killed Heedrag's ghost
  5204 | D:8      | Reached skill level 11 in Unarmed Combat
  5300 | D:8      | Reached skill level 12 in Unarmed Combat
  5307 | D:8      | Reached XP level 10. HP: 102/102 MP: 9/9
  5415 | D:8      | Found a staircase to the Lair.
  5448 | D:8      | Reached skill level 13 in Unarmed Combat
  5730 | D:9      | Found Mioggatz's Weapon Emporium.
  5746 | D:9      | Found a shimmering blue altar of Sif Muna.
  5817 | D:9      | Noticed a cyclops
  5825 | D:9      | Killed a cyclops
  5925 | D:9      | Noticed a two-headed ogre
  5933 | D:9      | Killed a two-headed ogre
  5958 | D:9      | Found a glowing silver altar of Zin.
  5969 | D:9      | Reached skill level 14 in Unarmed Combat
  6225 | D:10     | Entered Level 10 of the Dungeon
  6286 | D:10     | Reached XP level 11. HP: 55/113 MP: 10/10
  6622 | D:10     | Found a staircase to the Orcish Mines.
  6864 | D:10     | Reached skill level 1 in Throwing
  7208 | D:11     | Noticed a two-headed ogre
  7224 | D:11     | Killed a two-headed ogre
  7338 | D:11     | Noticed Grum
  7348 | D:11     | Killed Grum
  7401 | D:11     | Identified a scroll of acquirement
  7404 | D:11     | Acquired a +2 tower shield of positive energy
  7736 | D:12     | Reached skill level 15 in Unarmed Combat
  7816 | D:12     | Found a frozen archway.
  7896 | D:12     | Found Omikiroc's Antique Weapon Boutique.
  7924 | D:12     | Reached skill level 1 in Shields
  7964 | D:12     | Found a flickering gateway to a bazaar.
  7973 | Bazaar   | Entered a bazaar
  7973 | Bazaar   | Found Kaokixurch's Armour Shop.
  7979 | Bazaar   | Found Obedgh's Distillery.
  7987 | Bazaar   | Bought a potion of curing for 30 gold pieces
  7987 | Bazaar   | Bought a potion of resistance for 100 gold pieces
  7987 | Bazaar   | Bought a potion of heal wounds for 50 gold pieces
  7987 | Bazaar   | Found Wamej's Assorted Antiques.
  7995 | Bazaar   | Bought an orange potion for 21 gold pieces
  8000 | Bazaar   | Found Joamnuis's General Store.
  8005 | Bazaar   | Found Adaegaur's Assorted Antiques.
  8015 | Bazaar   | Bought a scroll labelled HIAROU RIROTEA for 28 gold pieces
  8015 | Bazaar   | Bought a lumpy puce potion for 25 gold pieces
  8053 | IceCv    | Entered an ice cave
  8207 | IceCv    | Identified the amulet of the Slug {Reflect Harm rN+ Str+5
                  | Int-3 SH+5}
  8666 | IceCv    | Noticed a bog body
  8666 | IceCv    | Noticed a bog body
  8676 | IceCv    | Killed a bog body
  8681 | IceCv    | Killed a bog body
  8682 | IceCv    | Reached XP level 12. HP: 47/126 MP: 11/11
  8744 | IceCv    | Got the Atlas of Necrotic Assaults
 10013 | Lair:1   | Entered Level 1 of the Lair of Beasts
 10013 | Lair:1   | Noticed Sonja
 10078 | Lair:1   | Killed Sonja
 10091 | Lair:1   | HP: 6/126 [water moccasin (2)]
 10091 | Lair:1   | Slain by a cane toad

Illustrated notes

Levels and vault maps discovered:
D:1:      eino_arrival_cavern_b, layout_basic, chequers_serial_rivers_micro_b,
          minmay_pentomino_w4
D:2:      layout_loops_ring, basic_altar, nicolae_nh_oracle_at_delphi
D:3:      layout_loops_ring, minitemple, basic_ecumenical_altar,
          wander_ebering_terrifying_dragon_lair
D:4:      layout_basic, minmay_temple_entry_junction_2, serial_curves,
          eino_curves_04, eino_curves_03, chequers_serial_rivers_room_b,
          minmay_ogre_servants
D:5:      layout_rooms
D:6:      layout_cave_pods
D:7:      layout_loops_cross, biasface_ghost_orc_armoury
D:8:      layout_rooms, minmay_lair_entry_grove
D:9:      layout_roguey, serial_shops, shop, chequers_serial_rivers_room_a,
          hangedman_feature_mirror
D:10:     layout_basic, hiddenorc2_lemuel, hangedman_decor_peaks_small
D:11:     layout_rooms, uniq_grum
D:12:     layout_layer_cave, serial_shops, bzr_entry_dummy, shop,
          portal_ice_cave_entry_imps
Temple:   dpeg_five_rooms_temple
Lair:1:   layout_gridlike, gauntlet_entry_generic, lemuel_old_faithful,
          uniq_sonja, uniq_harold

Skill      XL: |  1  2  3  4  5  6  7  8  9 10 11 12 |
---------------+-------------------------------------+-----
Unarmed Combat | 4 5 7 8 10 12 14 15 | 15.9
Fighting       | 3 4 5 6 7 8 9 |  9.9
Throwing       | 3 4 |  4.3
Shields        | 2 3 |  3.4
Dodging        | |  2.4
Stealth        | |  1.0

Action                     |  1- 3 |  4- 6 |  7- 9 | 10-12 || total
---------------------------+-------+-------+-------+-------++-------
  Melee: Unarmed           |    81 |   121 |   229 |   479 ||   910
         Punch             |     1 |     3 |       |    10 ||    14
  Throw: Dart              |       |       |     1 |       ||     1
         Large rock        |       |       |       |     5 ||     5
  Evoke: Wand              |       |     1 |     1 |     2 ||     4
    Use: Scroll            |       |       |       |    10 ||    10
         Potion            |       |       |       |     5 ||     5
   Stab: Sleeping          |     1 |     6 |       |     2 ||     9
         Distracted        |       |       |       |     1 ||     1
 Armour: Robe              |    43 |    39 |    45 |    13 ||   140
         Steam dragon scal |       |       |    33 |   175 ||   208
  Dodge: Dodged            |    38 |    53 |   113 |   161 ||   365
  Block: Tower shield      |       |       |       |   126 ||   126

Table legend: (Time is in decaauts)
 A = Elapsed time spent in this place.
 B = Non-inter-level travel time spent in this place.
 C = Inter-level travel time spent in this place.
 D = Time resting spent in this place.
 E = Time spent auto-exploring this place.
 F = Levels seen in this place.
 G = Mean time per level.
                   A        B        C        D        E       F      G
               +--------+--------+--------+--------+--------+-----+--------+
         Total |   9990 |   9546 |    444 |    407 |   6871 |  16 |  624.4 |
       Dungeon |   8617 |   8221 |    396 |    170 |   6277 |  12 |  718.1 |
        Temple |    260 |    212 |     48 |      0 |    201 |   1 |  260.0 |
          Lair |     30 |     30 |      0 |      0 |      1 |   1 |   30.0 |
        Bazaar |     54 |     54 |      0 |      0 |      0 |   1 |   54.0 |
      Ice Cave |   1027 |   1027 |      0 |    237 |    392 |   1 | 1027.0 |
               +--------+--------+--------+--------+--------+-----+--------+

Top non-repeatable levels by time:
    D:12: 1189 daAuts
   IceCv: 1027 daAuts
     D:3: 923 daAuts
    D:10: 881 daAuts
     D:4: 859 daAuts
     D:1: 716 daAuts
     D:7: 687 daAuts
     D:6: 686 daAuts
     D:2: 678 daAuts
     D:8: 611 daAuts
    D:11: 575 daAuts
     D:9: 500 daAuts
     D:5: 308 daAuts
  Temple: 260 daAuts
  Bazaar: 54 daAuts
